3AA
SALEM MISFITS @ YAKIMA HOPS
09/03/2021
 
TOP OF THE 1ST
Salem Misfits batting - Pitching for Yakima Hops : RHP Carlos Martínez
Pitching: RHP Carlos Martínez
Batting: SHB Alonso Márquez 0-0: Ball
1-0: Ball
2-0: Ball
3-0: Base on Balls
Batting: LHB Micheal Garren 0-0: Ball
1-0: Ball
2-0: Fielders Choice at 2nd, 1-6 (Groundball, 15)
Batting: RHB Steve Duncan 0-0: Ball
1-0: Ball
2-0: Foul Ball, location: 2F
2-1: Ball
3-1: Foul Ball, location: 2F
3-2: Strikes out looking
Batting: LHB Júlio Valentín 0-0: Ball
1-0: Ball
2-0: Fly out, F7 (Flyball, 7S)
Top of the 1st over - 0 run(s), 0 hit(s), 0 error(s), 1 left on base; Salem 0 - Yakima 0
BOTTOM OF THE 1ST
Yakima Hops batting - Pitching for Salem Misfits : LHP Javier Roldán
Pitching: LHP Javier Roldán
Batting: SHB Carlos Sánchez 0-0: Ground out 6-3 (Groundball, 6)
Batting: RHB Gabriel Juárez 0-0: Ball
1-0: Fly out, F9 (Flyball, 9LM)
Batting: RHB Rafael Durango 0-0: Foul Ball, location: 2F
0-1: Ball
1-1: Ball
2-1: Foul Ball, location: 2F
2-2: Fly out, F8 (Line Drive, 8LM)
Bottom of the 1st over - 0 run(s), 0 hit(s), 0 error(s), 0 left on base; Salem 0 - Yakima 0
TOP OF THE 2ND
Salem Misfits batting - Pitching for Yakima Hops : RHP Carlos Martínez
Batting: RHB Jay Parker 0-0: Foul Ball, location: 2F
0-1: Ball
1-1: Called Strike
1-2: Ball
2-2: Foul Ball, location: 2F
2-2: Foul Ball, location: 2F
2-2: Ball
3-2: Ground out 6-3 (Groundball, 6M)
Batting: RHB Jim Unknown 0-0: Ball
1-0: Called Strike
1-1: Called Strike
1-2: Foul Ball, location: 2F
1-2: Ball
2-2: Foul Ball, location: 2F
2-2: Ball
3-2: Base on Balls
Batting: RHB Jim Unknown 0-0: Ball
1-0: Ball
2-0: Ball
3-0: Base on Balls
Jim Unknown to second
Batting: RHB Jim Unknown 0-0: Ball
1-0: Ball
2-0: Called Strike
2-1: Ball
3-1: Swinging Strike
3-2: Base on Balls
Jim Unknown to third
Jim Unknown to second
Batting: LHB Jim Unknown 0-0: Called Strike
0-1: Fly out, F8 (Flyball, 8LD)
Runner from 3rd tags up, SCORES, no throw
Jim Unknown to third
Batting: SHB Alonso Márquez 0-0: Ball
1-0: Ball
2-0: Ball
3-0: Called Strike
3-1: Foul Ball, location: 2F
3-2: Foul Ball, location: 2F
3-2: Fly out, F5 (Popup, 5)
Top of the 2nd over - 1 run(s), 0 hit(s), 0 error(s), 2 left on base; Salem 1 - Yakima 0
BOTTOM OF THE 2ND
Yakima Hops batting - Pitching for Salem Misfits : LHP Javier Roldán
Batting: RHB Cal Jackson 0-0: SOLO HOME RUN (Flyball, 78XD), Distance : 406 ft
Batting: RHB William Gaines 0-0: Ball
1-0: Fly out, F8 (Popup, 6MD)
Batting: RHB Miguel Torres 0-0: Ground out 4-3 (Groundball, 4)
Batting: RHB Edgar García 0-0: Ball
1-0: Ball
2-0: Called Strike
2-1: Swinging Strike
2-2: Strikes out looking
Bottom of the 2nd over - 1 run(s), 1 hit(s), 0 error(s), 0 left on base; Salem 1 - Yakima 1
TOP OF THE 3RD
Salem Misfits batting - Pitching for Yakima Hops : RHP Carlos Martínez
Batting: LHB Micheal Garren 0-0: Ball
1-0: Ball
2-0: Fly out, F4 (Line Drive, 4)
Batting: RHB Steve Duncan 0-0: Ball
1-0: Ball
2-0: Foul Ball, location: 2F
2-1: Foul Ball, location: 2F
2-2: Foul Ball, location: 2F
2-2: Foul Ball, location: 2F
2-2: Strikes out looking
Batting: LHB Júlio Valentín 0-0: Swinging Strike
0-1: Ball
1-1: Foul Ball, location: 2F
1-2: Foul Ball, location: 2F
1-2: Ball
2-2: Ball
3-2: Strikes out swinging
Top of the 3rd over - 0 run(s), 0 hit(s), 0 error(s), 0 left on base; Salem 1 - Yakima 1
BOTTOM OF THE 3RD
Yakima Hops batting - Pitching for Salem Misfits : LHP Javier Roldán
Batting: RHB William Miles 0-0: Ball
Reached via error on a dropped throw, E3
Batting: RHB José Cervantes 0-0: Called Strike
0-1: SINGLE (Groundball, 5D)
William Miles to second
Batting: SHB Carlos Sánchez 0-0: Foul Ball, location: 2F
0-1: Fly out, F8 (Popup, 6MD)
Batting: RHB Gabriel Juárez 0-0: Ball
1-0: DOUBLE (Line Drive, 3D)
William Miles scores
José Cervantes to third
Runner from 3rd tries for Home, SAFE, no throw or cutoff
Batting: RHB Rafael Durango 0-0: Ball
1-0: Swinging Strike
1-1: Foul Ball, location: 2F
1-2: Ball
2-2: Fly out, F9 (Flyball, 9S)
Pitching: RHP Alfredo Córdova
Batting: RHB Cal Jackson 0-0: Foul Ball, location: 2F
0-1: Foul Ball, location: 2F
0-2: Ball
1-2: Fly out, F8 (Flyball, 8LM)
Bottom of the 3rd over - 2 run(s), 2 hit(s), 1 error(s), 1 left on base; Salem 1 - Yakima 3
TOP OF THE 4TH
Salem Misfits batting - Pitching for Yakima Hops : RHP Carlos Martínez
Batting: RHB Jay Parker 0-0: Fly out, F6 (Line Drive, 6)
Batting: RHB Jim Unknown 0-0: Fly out, F5 (Popup, 5)
Batting: RHB Jim Unknown 0-0: Ball
1-0: Called Strike
1-1: Ball
2-1: Ground out 6-3 (Groundball, 6M)
Top of the 4th over - 0 run(s), 0 hit(s), 0 error(s), 0 left on base; Salem 1 - Yakima 3
BOTTOM OF THE 4TH
Yakima Hops batting - Pitching for Salem Misfits : RHP Alfredo Córdova
Batting: RHB William Gaines 0-0: Ball
1-0: Called Strike
1-1: SOLO HOME RUN (Flyball, 7LD), Distance : 355 ft
Batting: RHB Miguel Torres 0-0: Called Strike
0-1: Ball
1-1: Ball
2-1: Ball
3-1: Base on Balls
Batting: RHB Edgar García 0-0: Ball
1-0: Foul Ball, location: 2F
1-1: Fly out, F7 (Flyball, 7LM)
Batting: RHB William Miles 0-0: Ball
1-0: Called Strike
1-1: Foul Ball, location: 2F
1-2: Ground out 4-3 (Groundball, 4M)
Miguel Torres to second
Batting: RHB José Cervantes 0-0: Called Strike
0-1: Ball
1-1: Fly out, F7 (Flyball, 7M)
Bottom of the 4th over - 1 run(s), 1 hit(s), 0 error(s), 1 left on base; Salem 1 - Yakima 4
TOP OF THE 5TH
Salem Misfits batting - Pitching for Yakima Hops : RHP Carlos Martínez
Batting: RHB Jim Unknown 0-0: Ball
1-0: Ball
2-0: Ball
3-0: Called Strike
3-1: Foul Ball, location: 2F
3-2: Base on Balls
Batting: LHB Jim Unknown 0-0: Ball
1-0: Ball
2-0: SINGLE (Groundball, 5D)
Jim Unknown to second
Batting: SHB Alonso Márquez 0-0: Called Strike
0-1: Foul Ball, location: 2F
0-2: Foul Ball, location: 2F
0-2: Strikes out looking
Batting: LHB Micheal Garren 0-0: Ball
1-0: Ball
2-0: Ball
3-0: Base on Balls
Jim Unknown to third
Jim Unknown to second
Pitching: RHP Sean Sanford
Batting: RHB Steve Duncan 0-0: Called Strike
0-1: Ball
1-1: Foul Ball, location: 2F
1-2: Ball
2-2: SINGLE (Groundball, 6MD)
Jim Unknown scores
Jim Unknown to third
Micheal Garren to second
Runner from 3rd tries for Home, SAFE, no throw or cutoff
Batting: LHB Júlio Valentín 0-0: Grounds into double play, 4-6-3 (Groundball, 4)
Top of the 5th over - 2 run(s), 2 hit(s), 0 error(s), 1 left on base; Salem 3 - Yakima 4
BOTTOM OF THE 5TH
Yakima Hops batting - Pitching for Salem Misfits : RHP Alfredo Córdova
Batting: SHB Carlos Sánchez 0-0: Ball
1-0: Ball
2-0: DOUBLE (Flyball, 9LM)
Batting: RHB Gabriel Juárez 0-0: Swinging Strike
0-1: Ball
1-1: Ground out 5-3 (Groundball, 56S)
Carlos Sánchez to third
Batting: RHB Rafael Durango 0-0: Ball
1-0: Ball
2-0: Ground out 1-3 (Groundball, 25)
Batting: RHB Cal Jackson 0-0: Ball
1-0: Ball
2-0: Ball
3-0: Base on Balls
Batting: RHB William Gaines 0-0: Swinging Strike
0-1: Ball
1-1: Swinging Strike
1-2: Foul Ball, location: 2F
1-2: Strikes out swinging
Bottom of the 5th over - 0 run(s), 1 hit(s), 0 error(s), 2 left on base; Salem 3 - Yakima 4
TOP OF THE 6TH
Salem Misfits batting - Pitching for Yakima Hops : RHP Sean Sanford
Batting: RHB Jay Parker 0-0: Called Strike
0-1: Ball
1-1: Foul Ball, location: 2F
1-2: Strikes out swinging
Batting: RHB Jim Unknown 0-0: Fly out, F2 (Popup, 2LF)
Batting: RHB Jim Unknown 0-0: Swinging Strike
0-1: Fly out, F8 (Flyball, 8LM)
Top of the 6th over - 0 run(s), 0 hit(s), 0 error(s), 0 left on base; Salem 3 - Yakima 4
BOTTOM OF THE 6TH
Yakima Hops batting - Pitching for Salem Misfits : RHP Alfredo Córdova
Batting: RHB Miguel Torres 0-0: Called Strike
0-1: Fly out, F9 (Flyball, 89M)
Batting: RHB Edgar García 0-0: Ball
1-0: Ground out U3 (Groundball, 3)
Batting: RHB William Miles 0-0: TRIPLE (Line Drive, 78D)
Batting: RHB José Cervantes 0-0: Called Strike
0-1: Ball
1-1: Fly out, F8 (Flyball, 8LS)
Bottom of the 6th over - 0 run(s), 1 hit(s), 0 error(s), 1 left on base; Salem 3 - Yakima 4
TOP OF THE 7TH
Salem Misfits batting - Pitching for Yakima Hops : RHP Sean Sanford
Batting: RHB Jim Unknown 0-0: Called Strike
0-1: Ground out 5-3 (Groundball, 56)
Batting: LHB Jim Unknown 0-0: Called Strike
0-1: Fly out, F8 (Line Drive, 6MD)
Batting: SHB Alonso Márquez 0-0: Foul Ball, location: 2F
0-1: Ball
1-1: Foul Ball, location: 2F
1-2: Ground out 4-3 (Groundball, 4)
Top of the 7th over - 0 run(s), 0 hit(s), 0 error(s), 0 left on base; Salem 3 - Yakima 4
BOTTOM OF THE 7TH
Yakima Hops batting - Pitching for Salem Misfits : RHP Alfredo Córdova
Batting: SHB Carlos Sánchez 0-0: Foul Ball, location: 2F
0-1: Ball
1-1: Ground out 4-3 (Groundball, 4)
Batting: RHB Gabriel Juárez 0-0: Called Strike
0-1: Ball
1-1: SINGLE (Groundball, 56)
Pitching: RHP Sid Brown
Batting: RHB Rafael Durango 0-0: Ball
1-0: Foul Ball, location: 2F
1-1: Called Strike
1-2: Fly out, F8 (Flyball, 8LM)
Batting: RHB Cal Jackson 0-0: Ball
1-0: Ball
2-0: DOUBLE (Line Drive, 89D)
Gabriel Juárez to third
Runner from 3rd tries for Home, SAFE, no throw or cutoff
Batting: RHB William Gaines 0-0: Called Strike
0-1: Called Strike
0-2: Foul Ball, location: 2F
0-2: Ground out 5-3 (Groundball, 56S)
Bottom of the 7th over - 1 run(s), 2 hit(s), 0 error(s), 1 left on base; Salem 3 - Yakima 5
TOP OF THE 8TH
Salem Misfits batting - Pitching for Yakima Hops : RHP Sean Sanford
Batting: LHB Micheal Garren 0-0: Called Strike
0-1: Called Strike
0-2: Ball
1-2: Strikes out swinging, 2-3 out at first.
Batting: RHB Steve Duncan 0-0: Ball
1-0: SINGLE (Popup, 8RS)
Pitching: LHP Cisco Flores
Batting: LHB Júlio Valentín 0-0: Ball
1-0: Swinging Strike
1-1: Grounds into double play, 4-6-3 (Groundball, 34)
Top of the 8th over - 0 run(s), 1 hit(s), 0 error(s), 0 left on base; Salem 3 - Yakima 5
BOTTOM OF THE 8TH
Yakima Hops batting - Pitching for Salem Misfits : RHP Sid Brown
Batting: RHB Miguel Torres 0-0: Called Strike
0-1: Ball
1-1: Fly out, F8 (Flyball, 8LD)
Batting: RHB Edgar García 0-0: Ball
1-0: Called Strike
1-1: Ball
2-1: Swinging Strike
2-2: Foul Ball, location: 2F
2-2: Foul Ball, location: 2F
2-2: Foul Ball, location: 2F
2-2: Ball
3-2: Base on Balls
Batting: RHB William Miles 0-0: Ball
1-0: Called Strike
1-1: Ball
2-1: Called Strike
2-2: SINGLE (Line Drive, 6D)
Edgar García to second
Pinch Hitting: RHB Chris Robinson 0-0: Called Strike
0-1: Ball
1-1: Ball
2-1: Ball
3-1: Base on Balls
Edgar García to third
William Miles to second
Batting: SHB Carlos Sánchez 0-0: Foul Ball, location: 2F
0-1: SINGLE (Flyball, 89S)
Edgar García scores
William Miles to third
Chris Robinson to second
Pinch Hitting: LHB Jim Unknown 0-0: Ball
1-0: Swinging Strike
1-1: Foul Ball, location: 2F
1-2: Strikes out looking
Batting: RHB Rafael Durango 0-0: Ball
1-0: Foul Ball, location: 2F
1-1: Fly out, F8 (Line Drive, 8LM)
Bottom of the 8th over - 1 run(s), 2 hit(s), 0 error(s), 3 left on base; Salem 3 - Yakima 6
TOP OF THE 9TH
Salem Misfits batting - Pitching for Yakima Hops : LHP Cisco Flores
Pitching: RHP Steve Bryan
Now at 1B: Chris Robinson
Now in LF: Jim Unknown
Batting: RHB Jay Parker 0-0: Called Strike
0-1: Ball
1-1: Fly out, F4 (Popup, 34D)
Batting: RHB Jim Unknown 0-0: Called Strike
0-1: Ball
1-1: Ball
2-1: Foul Ball, location: 2F
2-2: Foul Ball, location: 2F
2-2: Ball
3-2: Fly out, F8 (Flyball, 89M)
Batting: RHB Jim Unknown 0-0: Foul Ball, location: 2F
0-1: Foul Ball, location: 2F
0-2: Strikes out swinging
Top of the 9th over - 0 run(s), 0 hit(s), 0 error(s), 0 left on base; Salem 3 - Yakima 6
This league is powered by Out of the Park Baseball, the baseball management simulation game for PC, Mac and Linux
Friday, January 22nd, 2016 - OOTP Baseball 16.9 Build 39